 Dungeon Crawl Stone Soup version 0.18.1-5-g4a78601 (webtiles) character file.

93 SkaryMonk the Cudgeler (level 4, -2/39 HPs)
             Began as a Hill Orc Abyssal Knight on May 9, 2016.
             Was a Believer of Lugonu.
             Slain by an orc
             ... wielding a +2 dagger of electrocution
              (3 damage)
             ... on level 3 of the Dungeon.
             The game lasted 00:06:02 (2047 turns).

SkaryMonk the Cudgeler (Hill Orc Abyssal Knight)    Turns: 2047, Time: 00:06:03

Health: -2/39      AC:  3    Str: 15    XL:     4   Next: 62%
Magic:  5/5        EV: 11    Int: 12    God:    Lugonu [**....]
Gold:   156        SH:  0    Dex: 10    Spells: 0 memorised, 3 levels left

rFire  . . .     SeeInvis .     a - +1 mace
rCold  . . .     Gourm    .     b - +0 leather armour
rNeg   . . .     Faith    .     (no shield)
rPois  .         Spirit   .     (no helmet)
rElec  .         Dismiss  .     (no cloak)
rCorr  .         Reflect  .     (no gloves)
SustAt .         Harm     .     (no boots)
MR     .....                    (no amulet)
Stlth  +.........               (no ring)
                                (no ring)

@: not resistant to hostile enchantments, very unstealthy
A: no striking features
a: Depart the Abyss, Bend Space, Renounce Religion


You were on level 3 of the Dungeon.
You worshipped Lugonu.
Lugonu was pleased with you.
You were not hungry.

You visited 1 branch of the dungeon, and saw 3 of its levels.
You visited the Abyss 1 time.

You collected 156 gold pieces.

Notes
Turn   | Place    | Note
--------------------------------------------------------------
     0 | Abyss:1  | SkaryMonk the Hill Orc Abyssal Knight began the quest for the Orb.
     0 | Abyss:1  | Reached XP level 1. HP: 19/19 MP: 2/2
    24 | D:1      | Escaped the Abyss
   123 | D:1      | Reached skill level 3 in Maces & Flails
   123 | D:1      | Reached XP level 2. HP: 26/26 MP: 3/3
   390 | D:1      | Reached ** piety under Lugonu
   652 | D:1      | Reached XP level 3. HP: 30/31 MP: 4/4
  1048 | D:1      | Reached skill level 4 in Maces & Flails
  1456 | D:2      | Reached XP level 4. HP: 32/39 MP: 5/5
  1855 | D:3      | Reached skill level 5 in Maces & Flails
  2047 | D:3      | HP: 1/39 [orc/flail (8)]
  2047 | D:3      | Slain by an orc

Inventory:

Hand Weapons
 a - a +1 mace (weapon)
Armour
 b - a +0 leather armour (worn)
Jewellery
 d - an uncursed ring of fire {unknown}
 g - an uncursed ring of magical power {unknown}
 h - an uncursed ring of fire {unknown}
Scrolls
 e - a scroll of blinking {unknown}
 i - 2 scrolls of remove curse {unknown}
 j - a scroll of magic mapping {unknown}
 m - 2 scrolls of teleportation {unknown}
 o - a scroll of immolation {unknown}
Potions
 l - a potion of mutation {unknown}
 n - a potion of curing {unknown}
 p - 2 potions of resistance {unknown}
Comestibles
 c - 6 bread rations
 f - 4 meat rations
 k - 2 slices of pizza
 q - 2 fruits

Table legend:
 A = Turns spent in this place as a percentage of turns spent in the entire game.
 B = Non-inter-level travel turns spent in this place as a percentage of non-inter-level travel turns spent in the entire game.
 C = Inter-level travel turns spent in this place as a percentage of turns spent in this place.
 D = Turns resting spent in this place as a percentage of non-inter-level travel turns spent in this place.
 E = Turns spent auto-exploring this place as a percentage of non-inter-level travel turns spent in this place.
 F = Non-inter-level travel turns spent in this place divided by the number of levels of this place that you've seen.
                   A       B       C       D       E      F
               +-------+-------+-------+-------+-------+----------------------
         Total | 100.0 | 100.0 |   0.5 |   2.5 |  15.6 | 108.8
       Dungeon |  98.9 |  98.9 |   0.5 |   2.6 |  15.6 | 143.3
         Abyss |   1.1 |   1.1 |   0.0 |   0.0 |  20.0 |   5.0
               +-------+-------+-------+-------+-------+----------------------


   Skills:
 - Level 3.6 Fighting
 + Level 5.1 Maces & Flails
 - Level 2.1 Armour
 - Level 0.7 Dodging
 - Level 2.4 Invocations


You had 3 spell levels left.
You didn't know any spells.

Dungeon Overview and Level Annotations

Branches:
Dungeon (3/15)

Altars:


Message History

The orc hits you with a flail!
You hit the orc.
The orc is moderately wounded.
You hit the orc.
The orc is heavily wounded.
The orc hits you with a flail!
The orc hits you with a dagger of electrocution.
You hit the orc wizard.
The orc wizard is heavily wounded.
The orc hits you with a flail!
* * * LOW HITPOINT WARNING * * *
The orc barely misses you.
The orc wizard hits you but does no damage.
The orc wizard casts a cantrip, but nothing happens.
You barely miss the orc.
The orc is heavily wounded.
The orc hits you with a flail!
* * * LOW HITPOINT WARNING * * *
The orc hits you with a dagger of electrocution.
You die...

....... ......... .........
.)....# ......... .....#
###.....# #o...#
#.......####+#####o...#
#...............##....#
##...............##....#
.#...............##....#
.#..............@##....#
.#..............ooo....#
...........................
...........................
...........................
......................##...
......................# ...
........................ ..
........................


You could see an orc wizard and 2 orcs.

Table legend:
 A = Kills in this place as a percentage of kills in entire the game.
 B = Kills by you in this place as a percentage of kills by you in the entire game.
 C = Kills by friends in this place as a percentage of kills by friends in the entire game.
 D = Other kills in this place as a percentage of other kills in the entire game.
 E = Experience gained in this place as a percentage of experience gained in the entire game.
 F = Experience gained in this place divided by the number of levels of this place that you have seen.
                   A       B       C       D       E      F
               +-------+-------+-------+-------+-------+----------------------
         Total | 100.0 | 100.0 |  -nan |  -nan | 100.0 |  33.5
       Dungeon | 100.0 | 100.0 |  -nan |  -nan | 100.0 |  44.7
               +-------+-------+-------+-------+-------+----------------------

Vanquished Creatures
  3 adders (D:3)
  An ooze (D:2)
  A worm (D:2)
  2 dart slugs
  2 giant geckos (D:2)
  An orc (D:3)
  4 goblins
  7 hobgoblins
  12 jackals
  3 kobolds
  A quokka (D:2)
  4 bats
  3 giant newts (D:1)
  7 rats
51 creatures vanquished.

Action                   |  1- 3 |  4- 6 || total
-------------------------+-------+-------++-------
Melee: Mace              |   123 |    41 ||   164
 Stab: Distracted        |     1 |       ||     1
  Eat: Chunk             |     2 |     2 ||     4
Armor: Leather armour    |    31 |    12 ||    43
Dodge: Dodged            |    85 |    25 ||   110

Vault maps used:
D:1:      sevenhm_arrival_forest_fort_small_6, minivault_27
D:3:      first_bread, nemelex_xobeh_ov_fountains_minmay
Abyss:1:  hangedman_abyss_or_decor_jellyfish_corner
